 Seeded DCSS version 0.31-a0-214-gb37851dbb3 (webtiles) character file.

Game seed: 17612545735370830489 (custom seed)

23 innerfire43 the Chopper (level 2, -2/24 HPs)
             Began as a Demonspawn Monk on July 1, 2023.
             Slain by a goblin
             ... wielding a +0 club
             ... led by Robin
              (6 damage)
             ... on level 2 of the Dungeon.
             The game lasted 00:01:18 (664 turns).

innerfire43 the Chopper (Demonspawn Monk)            Turns: 664, Time: 00:01:19

Health: -2/24      AC:  2    Str: 11    XL:     2   Next: 72%
Magic:  2/2        EV: 13    Int: 17    God:
Gold:   122        SH:  0    Dex: 15    Spells: 1/1 levels left

rFire   . . .        a - +0 hand axe
rCold   . . .        d - orb {light}
rNeg    . . .        b - +0 robe
rPois   .            (no helmet)
rElec   .            (no cloak)
rCorr   .            (no gloves)
SInv    .            (no boots)
Will    .....        (no amulet)
Stlth   +            f - +6 ring of intelligence
HPRegen 0.24/turn    (no ring)
MPRegen 0.08/turn

%: no passive effects
@: confused, ambrosia-drunk, glowing, studying Axes
A: powered by pain 1
a: no special abilities


You were on level 2 of the Dungeon.
You visited 1 branch of the dungeon, and saw 2 of its levels.

You collected 122 gold pieces.

Inventory:

Hand Weapons
 a - a +0 hand axe (weapon)
Armour
 b - a +0 robe (worn)
 d - an orb of light (worn)
Jewellery
 f - a +6 ring of intelligence (left hand)
Scrolls
 g - a scroll of identify {unknown}
 i - a scroll of brand weapon {unknown}
Potions
 c - 2 potions of ambrosia
 e - 2 potions of brilliance {unknown}


   Skills:
 - Level 3.2 Fighting
 * Level 3.5 Axes
 - Level 3.0 Dodging


You had one spell level left.
You didn't know any spells.
Your spell library contained the following spells:

 Spells                   Type           Power      Damage    Failure   Level
 Slow                     Hex            0%         N/A       24%         1
 Confusing Touch          Hex            0%         N/A       56%         3
 Vampiric Draining        Necr           0%         2d6       56%         3


Dungeon Overview and Level Annotations

Branches:
Dungeon (2/15)

Altars:

Shops:
D:1 ([??

Annotations:
D:2 Robin


Innate Abilities, Weirdness & Mutations

You sometimes gain a little power by taking damage.


Message History

You hit the goblin.
You kill the goblin!
You barely miss the goblin. The goblin misses you.
The goblin hits you with a +0 club.
Robin roars a battlecry!
The goblins go into a battle-frenzy!
You slash the goblin!
You kill the goblin!
You barely miss the goblin. The goblin hits you with a +0 club.
A hobgoblin comes into view.
Robin throws the goblin at you!
Unknown command.
You slash the goblin!
You kill the goblin!
You hit the goblin. x2
You kill the goblin!
The goblin hits you with a +0 club.
Robin roars a battlecry!
The goblin goes into a battle-frenzy!
You hear a shout!
You are too injured to fight recklessly!
Unknown command.
You are too injured to fight recklessly!
Unknown command.
You are too injured to fight recklessly!
You are confused.
You feel invigorated. The goblin hits you with a +0 club.
* * * LOW HITPOINT WARNING * * *
The goblin barely misses you.
Unknown command.
You're too confused to move!
The goblin hits you with a +0 club. The goblin closely misses you.
You closely miss the goblin. You barely miss the goblin.
The goblin closely misses you. The goblin hits you with a +0 dagger.
Robin throws the goblin at you!
* * * LOW HITPOINT WARNING * * *
You bump into the rock wall.
The goblin hits you with a +0 club.
* * * LOW HITPOINT WARNING * * *
The goblin hits you with a +0 club.
You die... ... ... #g. #g# Sg.

## #g# #.# #g# #.###@##
######.# #.#gg)#
####.....# ##..#......
..##.####.###.#...#####
#.......##.#.######
..##.##.###.###
..##.##.......#
.....##.###.#.#
..#####.# #.....


You could see Robin, 2 hobgoblins, 4 goblins and a ball python.

Vanquished Creatures
  A dart slug (D:2)
  2 bats
  An endoplasm (D:2)
  7 goblins
  A hobgoblin (D:1)
  A frilled lizard (D:1)
  3 kobolds (D:1)
  2 rats (D:1)
18 creatures vanquished.

Notes
Turn   | Place    | Note
-------+----------+-------------------------------------------
     0 | D:1      | innerfire43 the Demonspawn Monk began the quest for the
                  | Orb.
     0 | D:1      | Reached XP level 1. HP: 18/18 MP: 1/1
    23 | D:1      | Found Wezuit Hoju's Antique Weapon Shoppe.
   103 | D:1      | Found Apnaij's Armour Emporium.
   137 | D:1      | Found Raxki's Magic Scroll Shop.
   195 | D:1      | Gained mutation: You sometimes gain a little power by
                  | taking damage. [demonic ancestry]
   195 | D:1      | Reached XP level 2. HP: 24/24 MP: 2/2
   272 | D:1      | Found Irownig's Magic Scroll Shoppe.
   474 | D:1      | Identified a scroll of acquirement
   474 | D:1      | Acquired a manual of Axes
   656 | D:2      | Noticed Robin
   664 | D:2      | Slain by a goblin

Illustrated notes

Levels and vault maps discovered:
D:1:      grunt_arrival_crossed_arrows, layout_rooms, serial_shops,
          nicolae_shop_tiny_real_fake_doors, shop, nicolae_shop_tiny_waterfront,
          shop_coins
D:2:      layout_loops_cross, uniq_crazy_yiuf_cottage, uniq_robin

Skill      XL: |  1  2 |
---------------+-------+-----
Axes           | 3 |  3.5
Dodging        | 3 |  3.0
Fighting       | |  3.2

Action                     || total
---------------------------++-------
  Melee: Hand axe          ||    37
    Use: Scroll            ||     1
         Potion            ||     1
 Armour: Robe              ||     7
  Dodge: Dodged            ||    23

Table legend: (Time is in decaauts)
 A = Elapsed time spent in this place.
 B = Non-inter-level travel time spent in this place.
 C = Inter-level travel time spent in this place.
 D = Time resting spent in this place.
 E = Time spent auto-exploring this place.
 F = Levels seen in this place.
 G = Mean time per level.
                   A        B        C        D        E       F      G
               +--------+--------+--------+--------+--------+-----+--------+
         Total |    668 |    602 |     66 |      0 |    490 |   2 |  334.0 |
       Dungeon |    668 |    602 |     66 |      0 |    490 |   2 |  334.0 |
               +--------+--------+--------+--------+--------+-----+--------+

Top non-repeatable levels by time:
     D:1: 550 daAuts
     D:2: 118 daAuts
